 Dungeon Crawl Stone Soup version 0.27.1 (webtiles) character file.

Game seed: 7880400326857483325

32 funkygono the Skirmisher (level 3, 0/24 HPs)
             Began as a Gargoyle Fighter on Sept 4, 2021.
             Slain by a gnoll (3 damage)
             ... on level 2 of the Dungeon.
             The game lasted 00:03:44 (1324 turns).

funkygono the Skirmisher (Gargoyle Fighter)         Turns: 1324, Time: 00:03:44

Health: 0/24       AC: 12    Str: 20    XL:     3   Next: 25%
Magic:  3/3        EV:  5    Int: 14    God:
Gold:   78         SH:  9    Dex:  9    Spells: 2/2 levels left

rFire    . . .     SeeInvis .   a - +0 flail
rCold    . . .     Faith    .   c - +0 kite shield
rNeg     + . .     Spirit   .   j - +0 chain mail
rPois    ∞         Reflect  .   (no helmet)
rElec    +         Harm     .   (no cloak)
rCorr    .         Rampage  .   (no gloves)
Will     .....                  (no boots)
Stlth    ..........             (no amulet)
HPRegen  0.08/turn              g - +6 ring of intelligence
MPRegen  0.08/turn              (no ring)

@: no status effects
A: sickness immunity, AC +3, negative energy resistance 1, electricity
resistance, torment resistance 1, petrification resistance
a: no special abilities


You were on level 2 of the Dungeon.
You visited 1 branch of the dungeon, and saw 2 of its levels.

You collected 78 gold pieces.

Inventory:

Hand Weapons
 a - a +0 flail (weapon)
 k - a +0 whip
Missiles
 l - 34 stones
 o - 10 poisoned darts (quivered)
 p - 2 boomerangs
Armour
 b - a +0 scale mail
 c - a +0 kite shield (worn)
 j - a +0 chain mail (worn)
Jewellery
 g - a +6 ring of intelligence (left hand)
Scrolls
 i - a scroll of silence
Potions
 d - a potion of might
 e - a potion of heal wounds
 f - a potion of invisibility {unknown}


   Skills:
 * Level 3.7 Fighting
 * Level 2.3 Maces & Flails
 * Level 3.6 Armour
 * Level 0.7 Dodging
 * Level 3.5 Shields


You had 2 spell levels left.
You didn't know any spells.
Your spell library was empty.

Dungeon Overview and Level Annotations

Branches:
Dungeon (2/15)

Altars:

Shops:
D:2 (!


Innate Abilities, Weirdness & Mutations

You are immune to sickness and miasma.
Your stone body is resilient. (AC +3)
You are immune to poison.
You resist negative energy. (rN+)
You are resistant to electric shocks. (rElec)
You are resistant to unholy torment.
You are immune to petrification.


Message History

The poisoned dart barely misses the gnoll.
The poisoned dart closely misses the gnoll.
Throw: 11 darts (poison)
Press: ? - help, Q - select action, (/) - cycle Shift-Dir - straight line, f/p - gnoll
Aim: a gnoll, wielding a +0 flail (56% to hit)
You throw a poisoned dart. The poisoned dart hits the gnoll.
Unknown command.
Throw: 10 darts (poison)
Press: ? - help, Q - select action, (/) - cycle Shift-Dir - straight line, p - gnoll
Okay, then.
Things that are here:
a +0 dagger; a goblin corpse You hit the gnoll.
The gnoll is moderately wounded.
You block the gnoll's attack.
You closely miss the gnoll.
The gnoll is moderately wounded.
The gnoll barely misses you. You block the gnoll's attack.
You hit the gnoll.
The gnoll is severely wounded.
You thump the gnoll!
The gnoll is almost dead.
The gnoll hits you with a +0 flail. You block the gnoll's attack.
The gnoll completely misses you. You block the gnoll's attack. x2
You barely miss the gnoll.
The gnoll is almost dead.
The gnoll hits you with a +0 flail! You block the gnoll's attack.
The gnoll hits you but does no damage. You block the gnoll's attack.
The gnoll hits you from afar with a +0 halberd!
Ouch! That really hurt!
* * * LOW HITPOINT WARNING * * *
You see here a bat corpse.
Your chain mail prevents you from hitting the gnoll.
The gnoll is severely wounded.
The gnoll barely misses you.
Okay, then.
There is a stone staircase leading up here.
The gnoll hits you with a +0 whip.
You die...

#.# #.# #.# #.# #.
#.# #. ###.#### #.
#......### #.
#...@g...###### #.
#...##.#g##...# ###.
#....÷.#......# #...
#..#..g#...∩..####...
#..#.......g....†....
#.....∩.......####..#
#########.....# #..#
####### #... ####


You could see 2 gnolls.

Vanquished Creatures
  4 ball pythons
  6 bats
  2 endoplasms
  3 goblins
  A hobgoblin (D:1)
  2 jackals (D:1)
  A frilled lizard (D:1)
  6 kobolds
  7 rats (D:1)
32 creatures vanquished.

Notes
Turn   | Place    | Note
-------+----------+-------------------------------------------
     0 | D:1      | funkygono the Gargoyle Fighter began the quest for the Orb.
     0 | D:1      | Reached XP level 1. HP: 14/14 MP: 1/1
   138 | D:1      | Reached XP level 2. HP: 16/19 MP: 2/2
   921 | D:1      | Reached XP level 3. HP: 24/24 MP: 3/3
  1119 | D:2      | Found Ecwaedd's Antique Weapon Emporium.
  1127 | D:2      | Found Woel Ingi's Distillery.
  1307 | D:2      | HP: 1/24 [gnoll (12)]
  1324 | D:2      | Slain by a gnoll

Illustrated notes

Levels and vault maps discovered:
D:1:      onia_arrival_handbag, layout_basic
D:2:      layout_loops_cross, basic_altar, serial_shops, shop_coins, shop, shop,
          shop, shop, serial_bayou_lagoon_b

Action                   || total
-------------------------++-------
Melee: Flail             ||   116
Throw: Dart              ||     7
  Use: Scroll            ||     4
Armor: Scale mail        ||     6
       Chain mail        ||    84
Dodge: Dodged            ||    46
Block: Kite shield       ||   100
